 Dungeon Crawl Stone Soup version 0.19-a0-518-g626ee58 (webtiles) character file.

80 GlassEater the Sneak (level 4, 0/28 HPs)
             Began as a Kobold Assassin on June 7, 2016.
             Killed by divine providence
             ... invoked by an orc priest
              (11 damage)
             ... on level 3 of the Dungeon.
             The game lasted 00:03:30 (1581 turns).

GlassEater the Sneak (Kobold Assassin)              Turns: 1581, Time: 00:03:31

Health: 0/28       AC:  3    Str:  9    XL:     4   Next: 65%
Magic:  4/4        EV: 15    Int:  9    God:
Gold:   75         SH:  0    Dex: 18    Spells: 0 memorised, 3 levels left

rFire  . . .     SeeInvis .     a - +1 dagger (venom)
rCold  . . .     Gourm    .     c - +0 robe
rNeg   . . .     Faith    .     (shield restricted)
rPois  .         Spirit   .     (no helmet)
rElec  .         Dismiss  .     d - +0 cloak
rCorr  .         Reflect  .     (no gloves)
SustAt .         Harm     .     (no boots)
MR     .....                    (no amulet)
Stlth  ++++......               (no ring)
                                (no ring)

@: not resistant to hostile enchantments, stealthy
A: carnivore 3
a: no special abilities


You were on level 3 of the Dungeon.
You were very full.

You visited 1 branch of the dungeon, and saw 3 of its levels.

You collected 75 gold pieces.

Inventory:

Hand Weapons
 a - a +1 dagger of venom (weapon)
 b - a +0 blowgun
 n - a +2 dagger
Missiles
 e - 53 poisoned needles
 f - 2 curare-tipped needles
Armour
 c - a +0 robe (worn)
 d - a +0 cloak (worn)
Jewellery
 r - an uncursed ring of protection from magic {unknown}
Scrolls
 h - 2 scrolls of magic mapping {unknown}
 i - a scroll of immolation {unknown}
 m - a scroll of remove curse {unknown}
 s - a scroll of enchant weapon {unknown}
Potions
 l - 2 potions of might {unknown}
 o - a potion of heal wounds {unknown}
 p - a potion of mutation {unknown}
Comestibles
 g - 2 meat rations
 j - a beef jerky
 k - 2 chunks of flesh
 q - a slice of pizza


   Skills:
 + Level 3.1 Fighting
 + Level 3.6 Short Blades
 - Level 2.1 Throwing
 + Level 2.3 Dodging
 * Level 6.2 Stealth


You had 3 spell levels left.
You didn't know any spells.

Dungeon Overview and Level Annotations

Branches:
Dungeon (3/15)

Altars:
Gozag


Innate Abilities, Weirdness & Mutations

You are small and have problems with some larger weapons.
You are carnivorous and can eat meat at any time.


Message History

You butcher the bat corpse.
Things that are here:
a chunk of flesh; a bat skeleton
k - 2 chunks of flesh (gained 1)
The orc priest mumbles some strange prayers to Beogh against you.
Beogh smites you!
You hear a shout! x2
You hit the orc priest.
The orc priest is moderately wounded.
The orc priest hits you.
You hit the orc priest.
The orc priest is poisoned.
The orc priest is moderately wounded.
The orc priest completely misses you.
You barely miss the orc priest.
The orc priest is heavily wounded.
An orc comes into view. It is wielding a dagger.
You hear the slow rusting of a very distant drain.
The orc priest calls down the wrath of Beogh upon you.
Beogh smites you!
You die...

##.........###.....#
#...#########.....# #...#
#........#### #<..#
#.##.##..... ##.÷o###
#.........## ####...÷..#
#.##......# ........#.# #
#..#.#.#
..##..#.##.####.##....#)#
..........@..........#.####
.....o.##.###......#.#.....
..##..####.#
#..........#### .....o ..#
#.#.##.##### # ....# ##.#
#.#. #.# ###. ..# # #. #.#
### #.#


You could see an orc priest and an orc.

Vanquished Creatures
  2 gnolls
  2 worms
  2 dart slugs
  A giant gecko (D:1)
  A giant cockroach (D:2)
  7 goblins
  7 hobgoblins
  4 kobolds
  A quokka (D:2)
  6 bats
  5 giant newts
  12 rats
50 creatures vanquished.

Notes
Turn   | Place    | Note
--------------------------------------------------------------
     0 | D:1      | GlassEater the Kobold Assassin began the quest for the Orb.
     0 | D:1      | Reached XP level 1. HP: 12/12 MP: 1/1
    75 | D:1      | Reached XP level 2. HP: 18/18 MP: 2/2
   290 | D:1      | Reached XP level 3. HP: 7/22 MP: 3/3
   923 | D:2      | Reached XP level 4. HP: 23/28 MP: 4/4
  1215 | D:2      | Reached skill level 6 in Stealth
  1514 | D:3      | Found an opulent altar of Gozag.
  1581 | D:3      | Killed from afar by an orc priest

Vault maps used:
D:1:      dpeg_arrival_short_road, st_stairs_9
D:2:      first_bread
D:3:      kennysheep_goblin_castle, nicolae_overflow_crystal_walls,
          portal_sewer_entry_e

Skill      XL: |  1  2  3  4 |
---------------+-------------+-----
Short Blades   | 3 |  3.6
Dodging        | 2 |  2.3
Fighting       | 3 |  3.1
Stealth        | 6 |  6.2
Throwing       | |  2.1

Action                   |  1- 3 |  4- 6 || total
-------------------------+-------+-------++-------
Melee: Dagger            |    77 |    47 ||   124
 Stab: Sleeping          |    13 |     6 ||    19
  Eat: Chunk             |     8 |     2 ||    10
Armor: Robe              |    11 |     6 ||    17
Dodge: Dodged            |    44 |    22 ||    66
